 Dungeon Crawl Stone Soup version 0.30-a0-772-g5528072125 (webtiles) character file.

Game seed: 1173964140801428793

55649 holysushi the Prestidigitator (level 14, -1/110 HPs)
             Began as a Gnoll Artificer on Feb 13, 2023.
             Was a High Priest of Okawaru.
             Slain by a demonspawn (9 damage)
             ... on level 2 of the Orcish Mines.
             The game lasted 00:49:07 (26024 turns).

holysushi the Prestidigitator (Gnoll Artificer)    Turns: 26024, Time: 00:49:08

Health: -1/110     AC: 10    Str: 13      XL:     14   Next: 78%
Magic:  27/27      EV: 17    Int:  9 (10) God:    Okawaru [*****.]
Gold:   2544       SH: 12    Dex: 17      Spells: 19/32 levels left

rFire   . . .      SeeInvis +    a - +2 dagger (venom)
rCold   . . .      Faith    .    W - +0 kite shield
rNeg    . . .      Spirit   .    J - +2 robe {Will+}
rPois   .          Reflect  .    f - +1 hat {Stlth+}
rElec   +          Harm     .    (no cloak)
rCorr   .          Rampage  .    T - +1 pair of gloves {Stlth+}
Will    +++..                    A - +1 pair of boots
Stlth   +++++++                  k - amulet of regeneration
HPRegen 1.18/turn                O - ring of Balance {Fly rElec Will+}
MPRegen 0.20/turn                u - ring of see invisible

@: flying
A: fangs 1, strong nose, distributed training
a: Renounce Religion, Heroism, Finesse, Duel


You were on level 2 of the Orcish Mines.
You worshipped Okawaru.
Okawaru was extremely pleased with you.
You visited 4 branches of the dungeon, and saw 18 of its levels.
You also visited: Bailey.

You collected 3147 gold pieces.
You spent 603 gold pieces at shops.

Inventory:

Hand Weapons
 a - a +2 dagger of venom (weapon)
 b - a +7 heavy spear
 K - a +4 heavy executioner's axe
 V - the +8 mace of the Median {flame, rC+ Str+3 Dex+3}
   (Okawaru gifted it to you on level 2 of the Lair of Beasts)

   Str:       It affects your strength (+3).
   Dex:       It affects your dexterity (+3).
   rC:        It protects you from cold.
 Z - a +0 dagger of chaos
Missiles
 n - 7 silver boomerangs
 E - a throwing net
 R - 26 boomerangs (quivered)
Armour
 f - a +1 hat of stealth (worn)
 A - a +1 pair of boots (worn)
 D - a +4 crystal plate armour
 J - a +2 robe of willpower (worn)
 Q - +0 steam dragon scales
 T - a +1 pair of gloves of stealth (worn)
 W - a +0 kite shield (worn)
Magical Staves
 r - a staff of death
Jewellery
 k - an amulet of regeneration (around neck)
 l - a ring of fire
 t - a ring of ice
 u - a ring of see invisible (right hand)
 y - a ring of willpower
 C - a ring of willpower
 M - a ring of resist corrosion
 O - the ring of Balance (left hand) {Fly rElec Will+}
   (You found it on level 8 of the Dungeon)

   [ring of flight]

   rElec:     It insulates you from electricity.
   Fly:       It grants you flight.
   Will:      It increases your willpower.
 U - a ring of poison resistance
Wands
 c - a wand of flame (15)
 d - a wand of charming (19)
 e - a wand of iceblast (2)
 o - a wand of roots (1)
 P - a wand of polymorph (12)
Scrolls
 g - 2 scrolls of teleportation
 i - a scroll of amnesia
 m - 2 scrolls of magic mapping
 p - a scroll of immolation
 q - 2 scrolls of fog
 G - 3 scrolls of identify
 H - a scroll of brand weapon
 I - 2 scrolls of silence
 L - 3 scrolls of blinking
 N - 3 scrolls of fear
Potions
 h - a potion of magic
 j - 3 potions of might
 s - a potion of cancellation
 v - a potion of resistance
 w - 2 potions of lignification
 x - 2 potions of mutation
 z - a potion of flight
 B - a potion of berserk rage
 F - 2 potions of attraction
 S - 2 potions of brilliance
 X - 5 potions of haste
 Y - 2 potions of curing


   Skills:
 + Level 10.2 Fighting
 + Level 9.8 Short Blades
 + Level 9.8 Long Blades
 + Level 9.8 Axes
 + Level 9.8 Maces & Flails
 + Level 9.8 Polearms
 + Level 9.8 Staves
 + Level 9.8 Ranged Weapons
 + Level 9.8 Throwing
 + Level 10.8 Armour
 + Level 10.2 Dodging
 + Level 10.1 Stealth
 + Level 9.8 Shields
 + Level 9.8 Unarmed Combat
 + Level 9.8 Spellcasting
 + Level 8.2 Conjurations
 + Level 8.2 Hexes
 + Level 8.2 Summonings
 + Level 8.2 Necromancy
 + Level 8.2 Translocations
 + Level 8.2 Transmutations
 + Level 8.2 Fire Magic
 + Level 8.2 Ice Magic
 + Level 8.2 Air Magic
 + Level 8.2 Earth Magic
 + Level 8.2 Poison Magic
 + Level 10.7 Invocations
 + Level 11.7 Evocations


You had 19 spell levels left.
You knew the following spells:

 Your Spells              Type           Power      Damage    Failure   Level
a - Sticky Flame          Conj/Fire      19%        2d4       12%         4
b - Flame Wave            Conj/Fire      19%        2d7       12%         4
c - Freezing Cloud        Conj/Ice/Air   9%         6-21      32%         5

Your spell library contained the following spells:

 Spells                   Type           Power      Damage    Failure   Level
 Foxfire                  Conj/Fire      76%        2x1d7     1%          1
 Lesser Beckoning         Tloc           38%        N/A       1%          2
 Gell's Gravitas          Tloc           19%        N/A       3%          3
 Ignite Poison            Fire/Tmut/Pois 19%        N/A       3%          3
 Inner Flame              Hex/Fire       19%        N/A       3%          3
 Kindle Blastsparks       Fire/Tloc/Air  38%        2d13      3%          3
 Teleport Other           Tloc           19%        N/A       3%          3
 Fireball                 Conj/Fire      9%         3d6       32%         5
 Conjure Ball Lightning   Conj/Air       9%         3x3d6     87%         6
 Starburst                Conj/Fire      9%         6d5       87%         6
 Discord                  Hex            9%         N/A       100%        8
 Disjunction              Tloc           9%         N/A       100%        8
 Summon Small Mammal      Summ           Unusable   N/A       N/A         1
 Call Canine Familiar     Summ           Unusable   N/A       N/A         3
 Summon Guardian Golem    Hex/Summ       Unusable   N/A       N/A         3

Dungeon Overview and Level Annotations

Branches:
Dungeon (13/15) Zot: 25252  Temple (1/1) D:6 Zot: 5777    Lair (2/5) D:8 Zot: 8939
  Swamp (0/4) Lair:2          Orc (2/2) D:9 Zot: 8176     Elf (0/3) Orc:2
 Bailey (visited)
  Snake: Lair:2-3    Spider: Lair:2-3    Vaults: D:13-14

Altars:
Ashenzari
Cheibriados
Dithmenos
Elyvilon
Fedhas
Gozag
Hepliaklqana
Kikubaaqudgha
Makhleb
Nemelex Xobeh
Okawaru
Qazlal
Ru
Sif Muna
Trog
Uskayaw
Vehumet
Wu Jian
Xom
Yredelemnul
Zin
The Shining One

Shops:
D:8 [   Orc:2 !*

Annotations:
D:4 Grinder
D:5 1 runed translucent door, sircluck's ghost, weakling DrEE
D:9 exclusion: downstairs
D:10 2 transporters, AverageBear's ghost, novice DsFi
Lair:2 1 exclusion


Innate Abilities, Weirdness & Mutations

You have very sharp teeth.
Your uncanny sense of smell can sniff out nearby items.
Your experience applies equally to all skills.


Message History

You are too injured to fight recklessly!
You hit the demonspawn.
The demonspawn looks as sick as possible!
The demonspawn is severely wounded.
You are too injured to fight recklessly!
You hit the demonspawn but do no damage.
The demonspawn looks as sick as possible!
The demonspawn is severely wounded.
The demonspawn hits you. The demonspawn claws you!
You block the demonspawn's attack.
You hit the demonspawn.
The demonspawn looks as sick as possible!
You bite the demonspawn.
The demonspawn is severely wounded.
You are too injured to fight recklessly!
You hit the demonspawn.
The demonspawn is severely wounded.
You block the demonspawn's attack. The demonspawn claws you!
* * * LOW HITPOINT WARNING * * *
The demonspawn gores you but does no damage.
You hit the demonspawn.
The demonspawn looks as sick as possible!
Your bite misses the demonspawn.
The demonspawn is severely wounded.
You block the demonspawn's attack. x2; The demonspawn closely misses you.
You see here a +2 trident of venom.
The demonspawn attacks as you move away!
The demonspawn completely misses you. The demonspawn claws you.
* * * LOW HITPOINT WARNING * * *
The demonspawn gores you but does no damage.
The demonspawn attacks as you move away!
The demonspawn hits you.
* * * LOW HITPOINT WARNING * * *
The demonspawn closely misses you. The demonspawn gores you!
* * * LOW HITPOINT WARNING * * *
The demonspawn attacks as you move away!
The demonspawn hits you!
* * * LOW HITPOINT WARNING * * *
The demonspawn claws you!
You die...

...###[)###...####.....#
#...###[[##.)..####.#.##
##...###..[.....###[###
##..)###......#.#....##
.##(#.###[.[..........#
#..##)..###[)......##<##
.6##.#.###.[[.......###
.##..)###...).#6#..## ###
##...####....)##@...####.##
#...###.....[..##.....#...#
...###.....[...[..........#
..###......#.[........##.##
.###.........<....#...####
###................#.##
##.........#........##
#..........[[[......#
##.#.#.....[.[.....###


You could see a demonspawn (extremely poisoned).

Vanquished Creatures
  Gastronok (Lair:1)
  An orc warlord (Bailey)
  Snorg (D:11)
  An ettin (Orc:1)
  Fannar (Lair:1)
  Harold (Lair:1)
  2 boulder beetles
  2 centaur warriors (D:13)
  A catoblepas (Lair:1)
  A death yak (Lair:2)
  8 two-headed ogres
  Urug (Lair:1)
  5 orc high priests (Orc:2)
  6 orc knights
  Pikel (D:5)
  3 orc sorcerers (Orc:2)
  A manticore (D:10)
  A cyclops (D:12)
  Joseph (D:8)
  6 elephants (Lair:1)
  An orange demon (Orc:2)
  A black mamba (Lair:2)
  2 gargoyles
  4 cane toads
  3 unseen horrors
  Maggie (D:8)
  2 kobold demonologists
  2 komodo dragons
  Psyche (D:9)
  A red devil (Orc:2)
  An ice devil (Orc:2)
  5 trolls
  A polar bear (Lair:1)
  A tyrant leech (Lair:2)
  Prince Ribbit (D:9)
  9 blink frogs (Lair:1)
  5 wyverns
  16 yaks
  A vampire (D:13)
  A spriggan (shapeshifter) (D:13)
  3 wraiths
  2 basilisks
  4 humans (D:7)
  4 steam dragons
  Menkaure (D:4)
  2 wargs
  An acid dragon (D:10)
  7 water moccasins
  37 orc warriors
  A sky beast (D:8)
  2 ice beasts
  A black bear (D:7)
  25 wolves
  6 ogres
  8 centaurs
  2 phantoms
  5 kobold brigands
  4 gnoll sergeants
  7 bullfrogs
  2 necrophages
  5 scorpions
  5 wights (D:8)
  2 jellies
  5 killer bees (D:10)
  6 howler monkeys
  A gnoll bouda (D:6)
  20 orc priests
  3 hounds
  Ijyb (D:5)
  2 iguanas (D:5)
  Natasha (thrice) (D:4)
  6 hell rats (Lair:1)
  27 orc wizards
  26 gnolls
  10 river rats (Lair:1)
  8 adders
  5 white imps
  A dart slug (D:5)
  59 orcs
  8 bats
  4 endoplasms
  11 goblins
  11 hobgoblins
  8 quokkas
  5 ball pythons
  4 frilled lizards
  45 kobolds
  9 rats
528 creatures vanquished.

Vanquished Creatures (others)
  An orc wizard (D:8)
  2 orcs (Orc:1)
  18 fungi
  19 plants
40 creatures vanquished.

Grand Total: 568 creatures vanquished

Notes
Turn   | Place    | Note
-------+----------+-------------------------------------------
     0 | D:1      | holysushi the Gnoll Artificer began the quest for the Orb.
     0 | D:1      | Reached XP level 1. HP: 17/17 MP: 1/1
   183 | D:1      | Reached XP level 2. HP: 15/23 MP: 2/2
  1285 | D:2      | Reached XP level 3. HP: 28/28 MP: 3/3
  1629 | D:2      | Reached skill level 1 in Invocations
  2117 | D:3      | Reached skill level 1 in Short Blades
  2117 | D:3      | Reached skill level 1 in Long Blades
  2117 | D:3      | Reached skill level 1 in Axes
  2117 | D:3      | Reached skill level 1 in Maces & Flails
  2117 | D:3      | Reached skill level 1 in Polearms
  2117 | D:3      | Reached skill level 1 in Staves
  2117 | D:3      | Reached skill level 1 in Ranged Weapons
  2117 | D:3      | Reached skill level 1 in Throwing
  2117 | D:3      | Reached skill level 1 in Shields
  2117 | D:3      | Reached skill level 1 in Unarmed Combat
  2117 | D:3      | Reached skill level 1 in Spellcasting
  2210 | D:3      | Reached XP level 4. HP: 30/34 MP: 5/5
  2453 | D:3      | Found a faded altar of an unknown god.
  2920 | D:4      | Identified the +4 scale mail of Poxtuf {rElec rF+ Str+6
                  | Dex-5}
  2981 | D:4      | Noticed a scorpion
  2985 | D:4      | Killed a scorpion
  2986 | D:4      | Reached skill level 1 in Conjurations
  2986 | D:4      | Reached skill level 1 in Hexes
  2986 | D:4      | Reached skill level 1 in Summonings
  2986 | D:4      | Reached skill level 1 in Necromancy
  2986 | D:4      | Reached skill level 1 in Translocations
  2986 | D:4      | Reached skill level 1 in Transmutations
  2986 | D:4      | Reached skill level 1 in Fire Magic
  2986 | D:4      | Reached skill level 1 in Ice Magic
  2986 | D:4      | Reached skill level 1 in Air Magic
  2986 | D:4      | Reached skill level 1 in Earth Magic
  2986 | D:4      | Reached skill level 1 in Poison Magic
  2986 | D:4      | Reached XP level 5. HP: 41/41 MP: 5/7
  3163 | D:4      | Reached XP level 6. HP: 14/47 MP: 8/8
  3394 | D:4      | Noticed Grinder
  3430 | D:4      | Reached skill level 5 in Armour
  3680 | D:4      | Noticed Natasha
  3689 | D:4      | Killed Natasha
  3726 | D:4      | Noticed Natasha
  3732 | D:4      | Killed Natasha
  3806 | D:4      | Found a glowing golden altar of the Shining One.
  3964 | D:4      | Noticed Natasha
  3972 | D:4      | Killed Natasha
  4327 | D:4      | Noticed Menkaure
  4434 | D:4      | Killed Menkaure
  4435 | D:4      | Reached skill level 7 in Evocations
  4435 | D:4      | Reached XP level 7. HP: 24/52 MP: 10/10
  4646 | D:5      | Entered Level 5 of the Dungeon
  4650 | D:5      | Found a runed translucent door.
  4653 | D:5      | Noticed sircluck's ghost (weakling DrEE)
  5272 | D:5      | Noticed Ijyb
  5276 | D:5      | Killed Ijyb
  5425 | D:5      | Noticed Pikel
  5448 | D:5      | Killed Pikel
  5449 | D:5      | Reached XP level 8. HP: 35/61 MP: 11/13
  6282 | D:6      | Found a staircase to the Ecumenical Temple.
  6569 | Temple   | Entered the Ecumenical Temple
  6771 | Temple   | Became a worshipper of Warmaster Okawaru
  6864 | D:6      | Reached XP level 9. HP: 59/66 MP: 14/14
  7085 | D:6      | Reached skill level 5 in Fighting
  7085 | D:6      | Reached skill level 5 in Dodging
  7104 | D:6      | Reached * piety under Okawaru
  7105 | D:6      | Reached skill level 5 in Stealth
  7308 | D:6      | Reached skill level 8 in Evocations
  8133 | D:7      | Reached skill level 5 in Invocations
  9789 | D:7      | Reached skill level 5 in Short Blades
  9789 | D:7      | Reached skill level 5 in Long Blades
  9789 | D:7      | Reached skill level 5 in Axes
  9789 | D:7      | Reached skill level 5 in Maces & Flails
  9789 | D:7      | Reached skill level 5 in Polearms
  9789 | D:7      | Reached skill level 5 in Staves
  9789 | D:7      | Reached skill level 5 in Ranged Weapons
  9789 | D:7      | Reached skill level 5 in Throwing
  9789 | D:7      | Reached skill level 5 in Shields
  9789 | D:7      | Reached skill level 5 in Unarmed Combat
  9789 | D:7      | Reached skill level 5 in Spellcasting
  9789 | D:7      | Reached XP level 10. HP: 17/76 MP: 17/17
  9980 | D:7      | Reached ** piety under Okawaru
 10373 | D:7      | Found a glowing silver altar of Zin.
 10706 | D:8      | Found a staircase to the Lair.
 10877 | D:8      | Identified the ring of Balance {Fly rElec Will+}
 11219 | D:8      | Found a broken altar of Ashenzari.
 11541 | D:8      | Found a shimmering altar of Xom.
 11542 | D:8      | Found a shimmering altar of Xom.
 11543 | D:8      | Found a shimmering altar of Xom.
 11544 | D:8      | Found a shimmering altar of Xom.
 11544 | D:8      | Found a shimmering altar of Xom.
 11544 | D:8      | Found a shimmering altar of Xom.
 11822 | D:8      | Noticed an entropy weaver
 11824 | D:8      | Found a shimmering altar of Xom.
 11825 | D:8      | Found a shimmering altar of Xom.
 11900 | D:8      | Found Folaunix's Antique Armour Shoppe.
 11900 | D:8      | Noticed Joseph
 11912 | D:8      | Killed Joseph
 11917 | D:8      | Bought a pair of embroidered gloves for 225 gold pieces
 12003 | D:8      | Reached *** piety under Okawaru
 12033 | D:8      | Noticed Maggie
 12091 | D:8      | Killed Maggie
 12574 | D:9      | Found an ornate altar of the Wu Jian Council.
 12596 | D:9      | Noticed Psyche
 12603 | D:9      | Killed Psyche
 12633 | D:9      | Reached skill level 5 in Conjurations
 12633 | D:9      | Reached skill level 5 in Hexes
 12633 | D:9      | Reached skill level 5 in Summonings
 12633 | D:9      | Reached skill level 5 in Necromancy
 12633 | D:9      | Reached skill level 5 in Translocations
 12633 | D:9      | Reached skill level 5 in Transmutations
 12633 | D:9      | Reached skill level 5 in Fire Magic
 12633 | D:9      | Reached skill level 5 in Ice Magic
 12633 | D:9      | Reached skill level 5 in Air Magic
 12633 | D:9      | Reached skill level 5 in Earth Magic
 12633 | D:9      | Reached skill level 5 in Poison Magic
 12633 | D:9      | Reached skill level 9 in Evocations
 12633 | D:9      | Reached XP level 11. HP: 84/84 MP: 18/21
 12828 | D:9      | Noticed a two-headed ogre
 12835 | D:9      | Killed a two-headed ogre
 12835 | D:9      | Reached **** piety under Okawaru
 12836 | D:9      | Reached XP level 12. HP: 91/91 MP: 22/22
 12874 | D:9      | Received a gift from Okawaru
 12899 | D:9      | Found a staircase to the Orcish Mines.
 12999 | D:9      | Identified the +0 ring mail of Bena {Will- Int+6 Dex+4
                  | Stlth-}
 13422 | D:9      | Noticed a two-headed ogre
 13425 | D:9      | Noticed Prince Ribbit
 13439 | D:8      | Killed a two-headed ogre
 13649 | D:10     | Entered Level 10 of the Dungeon
 13761 | D:10     | Found a radiant altar of Vehumet.
 13801 | D:10     | Found a transporter.
 13802 | D:10     | Noticed a tengu warrior
 13809 | D:10     | Noticed a two-headed ogre
 13835 | D:10     | Noticed AverageBear's ghost (novice DsFi)
 13837 | D:10     | Noticed a two-headed ogre
 13838 | D:10     | Found a bloodstained altar of Trog.
 13952 | D:10     | Found a shimmering blue altar of Sif Muna.
 14013 | D:10     | Reached skill level 10 in Evocations
 14062 | D:10     | Found a transporter.
 14127 | D:10     | Found a flagged portal.
 14142 | Bailey   | Entered a bailey
 14147 | Bailey   | Noticed an orc warlord
 14268 | Bailey   | Found a runed translucent gate.
 14270 | Bailey   | Found a runed translucent gate.
 14336 | Bailey   | Found a runed translucent gate.
 14395 | Bailey   | Killed an orc warlord
 14395 | Bailey   | Reached ***** piety under Okawaru
 14425 | Bailey   | Acquired 1077 gold pieces
 14755 | D:10     | Found a blossoming altar of Fedhas.
 14758 | D:10     | Found an ancient bone altar of Kikubaaqudgha.
 14761 | D:10     | Found a hide-covered altar of Uskayaw.
 14874 | D:11     | Received a gift from Okawaru
 14912 | D:11     | Noticed a two-headed ogre
 15034 | D:11     | Noticed a two-headed ogre
 15045 | D:11     | Killed a two-headed ogre
 15047 | D:11     | Noticed Snorg
 15251 | D:11     | Noticed a two-headed ogre
 15261 | D:11     | Killed a two-headed ogre
 15661 | D:11     | Killed Snorg
 15664 | D:11     | Noticed a two-headed ogre
 16042 | D:11     | Killed a two-headed ogre
 16113 | D:11     | Killed a two-headed ogre
 16174 | D:12     | Reached XP level 13. HP: 96/99 MP: 25/25
 16356 | D:12     | Received a gift from Okawaru
 17199 | D:9      | Killed Prince Ribbit
 17225 | Lair:1   | Entered Level 1 of the Lair of Beasts
 17869 | D:13     | Learned a level 4 spell: Sticky Flame
 17874 | D:13     | Learned a level 4 spell: Flame Wave
 18785 | Orc:1    | Entered Level 1 of the Orcish Mines
 18785 | Orc:1    | Noticed an ettin
 18859 | Lair:1   | Noticed Harold
 18878 | Lair:1   | Killed Harold
 18878 | Lair:1   | Identified the +0 scale mail of the Moon {rF+ Str+3 Int+4
                  | Stlth+} (Okawaru gifted it to you on level 1 of the Lair of
                  | Beasts)
 18878 | Lair:1   | Received a gift from Okawaru
 18931 | Lair:1   | Noticed Fannar
 19274 | Lair:1   | Killed Fannar
 19275 | Lair:1   | Reached skill level 10 in Armour
 19275 | Lair:1   | Reached skill level 11 in Evocations
 19413 | Lair:1   | Noticed Gastronok
 19446 | Lair:1   | Killed Gastronok
 19720 | Lair:1   | HP: 3/101 [something (6)]
 20189 | Lair:1   | Noticed Urug
 20561 | Lair:1   | Killed Urug
 20562 | Lair:1   | Reached XP level 14. HP: 63/108 MP: 27/27
 20646 | Lair:1   | Reached skill level 10 in Invocations
 21243 | Lair:2   | Found a staircase to the Swamp.
 21639 | Lair:2   | Identified the +8 mace of the Median {flame, rC+ Str+3
                  | Dex+3} (Okawaru gifted it to you on level 2 of the Lair of
                  | Beasts)
 21639 | Lair:2   | Received a gift from Okawaru
 21733 | Lair:2   | Reached ****** piety under Okawaru
 21860 | D:9      | Learned a level 5 spell: Freezing Cloud
 22468 | Orc:2    | Entered Level 2 of the Orcish Mines
 22771 | Orc:2    | Found a staircase to the Elven Halls.
 22961 | Orc:2    | Found Atiozekk's Distillery.
 23608 | Orc:2    | Found Ruafua Hehag's General Store.
 23752 | Orc:2    | Reached skill level 10 in Fighting
 23752 | Orc:2    | Reached skill level 10 in Dodging
 23949 | Orc:2    | Bought 3 scrolls of fear for 144 gold pieces
 23949 | Orc:2    | Bought a scroll of brand weapon for 114 gold pieces
 23949 | Orc:2    | Bought a potion of haste for 120 gold pieces
 24157 | Orc:2    | Received a gift from Okawaru
 24158 | Orc:2    | Reached skill level 10 in Stealth
 25459 | Orc:2    | HP: 3/105 [red devil/+0 trident[an orc sorcerer] (8)]
 25832 | Orc:2    | Received a gift from Okawaru
 26024 | Orc:2    | Slain by a demonspawn

Illustrated notes

Levels and vault maps discovered:
D:1:      minmay_arrival_four_loops, layout_loops_corners
D:2:      layout_basic
D:3:      layout_loops_cross, dilly_ecumenical_altar_fadedgnrine
D:4:      layout_basic, tso_metal_star, uniq_natasha, uniq_grinder,
          uniq_menkaure
D:5:      layout_rooms, ebering_ghost_sewer_d, due_unseen_surprise, uniq_ijyb,
          uniq_pikel
D:6:      layout_basic, minmay_temple_entry_trees, kennysheep_generic_room_11
D:7:      layout_layer_cave, nicolae_overflow_hidden_temple, minmay_ruffians
D:8:      layout_basic, xom_shifter_show, mainiacjoe_overflow_brackets,
          lair_entry_dummy, serial_shops, nicolae_shop_trees, uniq_joseph,
          uniq_maggie
D:9:      layout_gridville, nzn_wu_jian_contemplation, david_orc_1_choice,
          serial_glass, glass_columns_b, glass_columns_a, glass_columns_a,
          glass_columns_a, glass_columns_a, glass_columns_b, glass_columns_b,
          glass_columns_a, uniq_prince_ribbit1, uniq_psyche
D:10:     layout_roguey, mainiacjoe_overflow_alcove_4,
          grunt_temple_overflow_cloverleaf, gammafunk_ghost_wrathful_warriors,
          enter_bailey_7
D:11:     layout_basic, serial_bayou_pond_d, billiards_dpeg, uniq_snorg
D:12:     layout_basic
D:13:     kennysheep_funnel, layout_loops_ring, nicolae_eternal_life
Temple:   minmay_temple_bridge_abc
Lair:1:   lemuel_ratsnest, layout_regular_city, infiniplex_staircase_pool,
          grunt_megastairs_4, uniq_fannar, uniq_urug, uniq_harold,
          uniq_gastronok
Lair:2:   layout_layer_cave, minmay_swamp_entry_worms, dummy_spider_entry,
          grunt_forest_large_clearings, grunt_megastairs_1
Orc:1:    layout_caves
Orc:2:    pf_orc_diabolical, layout_caves

Skill      XL: |  1  2  3  4  5  6  7  8  9 10 11 12 13 14 |
---------------+-------------------------------------------+-----
Invocations    | 1 2 3 4 5 7 8 9 10 | 10.7
Short Blades   | 1 2 3 5 6 7 8 9 |  9.8
Long Blades    | 1 2 3 5 6 7 8 9 |  9.8
Axes           | 1 2 3 5 6 7 8 9 |  9.8
Maces & Flails | 1 2 3 5 6 7 8 9 |  9.8
Polearms       | 1 2 3 5 6 7 8 9 |  9.8
Staves         | 1 2 3 5 6 7 8 9 |  9.8
Ranged Weapons | 1 2 3 5 6 7 8 9 |  9.8
Throwing       | 1 2 3 5 6 7 8 9 |  9.8
Shields        | 1 2 3 5 6 7 8 9 |  9.8
Unarmed Combat | 1 2 3 5 6 7 8 9 |  9.8
Spellcasting   | 1 2 3 5 6 7 8 9 |  9.8
Fighting       | 3 4 5 7 8 9 10 | 10.2
Dodging        | 3 4 5 7 8 9 10 | 10.2
Conjurations   | 1 2 3 4 5 6 7 8 |  8.2
Hexes          | 1 2 3 4 5 6 7 8 |  8.2
Summonings     | 1 2 3 4 5 6 7 8 |  8.2
Necromancy     | 1 2 3 4 5 6 7 8 |  8.2
Translocations | 1 2 3 4 5 6 7 8 |  8.2
Transmutations | 1 2 3 4 5 6 7 8 |  8.2
Fire Magic     | 1 2 3 4 5 6 7 8 |  8.2
Ice Magic      | 1 2 3 4 5 6 7 8 |  8.2
Air Magic      | 1 2 3 4 5 6 7 8 |  8.2
Earth Magic    | 1 2 3 4 5 6 7 8 |  8.2
Poison Magic   | 1 2 3 4 5 6 7 8 |  8.2
Stealth        | 3 4 5 7 8 9 10 | 10.1
Armour         | 5 6 8 9 10 | 10.8
Evocations     | 7 8 9 10 11 | 11.7

Action                     |  1- 3 |  4- 6 |  7- 9 | 10-12 | 13-15 || total
---------------------------+-------+-------+-------+-------+-------++-------
  Melee: Club              |    76 |       |       |       |       ||    76
         Bite              |     8 |     8 |    56 |    72 |   267 ||   411
         Mace              |    44 |    90 |   186 |       |    26 ||   346
         Staff             |    22 |       |       |       |       ||    22
         Punch             |       |     2 |    12 |     8 |       ||    22
         Dagger            |       |       |   193 |    67 |   891 ||  1151
         Quarterstaff      |       |       |       |    66 |       ||    66
         Hand axe          |       |       |       |    57 |       ||    57
         Flail             |       |       |       |    12 |       ||    12
         Unarmed           |       |       |       |     2 |       ||     2
         Spear             |       |       |       |   370 |   582 ||   952
         Executioner's axe |       |       |       |     5 |       ||     5
  Throw: Boomerang         |       |       |       |     1 |     4 ||     5
   Cast: Sticky Flame      |       |       |       |       |    14 ||    14
         Flame Wave        |       |       |       |       |     4 ||     4
 Invoke: Heroism           |       |       |       |       |     3 ||     3
  Evoke: Wand              |       |     5 |    15 |    28 |    10 ||    58
    Use: Scroll            |     3 |       |     2 |    24 |    10 ||    39
         Potion            |       |     1 |     2 |     6 |     8 ||    17
   Stab: Sleeping          |     6 |       |     6 |    15 |    22 ||    49
         Distracted        |       |       |       |     4 |     5 ||     9
         Invisible         |       |       |       |       |    10 ||    10
 Armour: Leather armour    |    39 |    17 |       |       |       ||    56
         Crystal plate arm |       |       |    98 |    15 |       ||   113
         Robe              |       |       |    50 |    45 |   227 ||   322
         Steam dragon scal |       |       |       |    89 |       ||    89
         Skin              |       |       |       |     7 |       ||     7
  Dodge: Dodged            |   119 |    53 |   185 |   400 |   798 ||  1555
  Block: Kite shield       |       |       |       |   225 |   893 ||  1118

Table legend: (Time is in decaauts)
 A = Elapsed time spent in this place.
 B = Non-inter-level travel time spent in this place.
 C = Inter-level travel time spent in this place.
 D = Time resting spent in this place.
 E = Time spent auto-exploring this place.
 F = Levels seen in this place.
 G = Mean time per level.
                   A        B        C        D        E       F      G
               +--------+--------+--------+--------+--------+-----+--------+
         Total |  25953 |  24432 |   1521 |   6212 |  10991 |  19 | 1365.9 |
       Dungeon |  18506 |  17095 |   1411 |   3955 |   8752 |  13 | 1423.5 |
        Temple |    222 |    222 |      0 |      0 |    142 |   1 |  222.0 |
          Lair |   3060 |   2961 |     99 |    798 |    948 |   2 | 1530.0 |
  Orcish Mines |   3823 |   3813 |     10 |   1459 |   1076 |   2 | 1911.5 |
        Bailey |    339 |    339 |      0 |      0 |     73 |   1 |  339.0 |
               +--------+--------+--------+--------+--------+-----+--------+

Top non-repeatable levels by time:
   Orc:2: 3018 daAuts
     D:7: 2339 daAuts
     D:4: 2292 daAuts
     D:8: 2263 daAuts
  Lair:1: 2261 daAuts
     D:6: 2117 daAuts
    D:10: 1372 daAuts
     D:1: 1231 daAuts
     D:9: 1211 daAuts
     D:5: 1113 daAuts
    D:12: 1008 daAuts
    D:11: 958 daAuts
    D:13: 943 daAuts
     D:2: 854 daAuts
   Orc:1: 805 daAuts
